AoeStats
← Gim

Arena

508630914Analyzed
4v4 RM · 8d ago on Sep 23, 2026· 40m 27s· 8 players
Game mode
Random Map
Map size
Large (8 player)
Population
200
Speed
Normal
Resources
Standard
Victory
Conquest
Starting age
Dark Age
Ending age
Imperial Age
RankedLock teamsTeams togetherTeam positionsShared explorationLock speedFull tech treeHidden civsTurbo modeCheats
Victory
Defeat
🇭🇰 Danes · Hong Kong SAR China
1306
+12
🇨🇳 Cumans · China
1302
+12
🇨🇳 Bohemians · China
1132
+20
🇨🇳 Mongols · China
1130
+19
🇨🇳 Burgundians · China
1251
-17
🇺🇸 Danes · United States
1222
-16
🇨🇳 Franks · China
1218
-16
🇪🇸 Bulgarians · Spain
1165
-14
Frion
10:40 Feudal Age
11:27 Man-at-Arms
12:50 Loom
13:42 Loom
16:25 Castle Age
14:34 Double-Bit Axe
14:53 Arson
17:56 Bow Saw
17:56 Horse Collar
21:58 Long Swordsman
27:58 Scale Mail Armor
28:37 Heavy Plow
35:26 Pikeman
39:19 Wheelbarrow
40:36 Wheelbarrow
lancer
9:27 Loom
11:46 Feudal Age
14:46 Double-Bit Axe
17:07 Castle Age
17:50 Gold Mining
19:00 Wheelbarrow
25:47 Scale Barding Armor
27:33 Chain Barding Armor
27:24 Forging
28:37 Forging
30:26 Iron Casting
29:29 Pikeman
30:09 Squires
34:01 Imperial Age
NOS RENDIMOS
5:41 Loom
11:13 Feudal Age
12:21 Feudal Age
13:40 Double-Bit Axe
16:13 Castle Age
14:52 Town Watch
14:59 Horse Collar
17:38 Forging
17:33 Scale Barding Armor
17:56 Bow Saw
18:32 Iron Casting
18:31 Gold Mining
18:31 Stone Mining
19:46 Wheelbarrow
21:23 Chain Barding Armor
21:19 Bloodlines
21:09 Husbandry
23:47 Gold Shaft Mining
23:47 Stone Shaft Mining
25:36 Husbandry
30:01 Hand Cart
36:00 Imperial Age
35:00 Stirrups
40:22 Murder Holes
Gim
9:56 Feudal Age
13:45 Castle Age
11:57 Double-Bit Axe
23:13 Wheelbarrow
22:23 Loom
24:01 Horse Collar
24:33 Bow Saw
24:55 Heavy Plow
25:44 Scale Barding Armor
27:53 Hand Cart
31:34 Imperial Age
29:54 Husbandry
30:21 Gold Mining
30:31 Cavalier
32:20 Two-Man Saw
31:52 Crop Rotation
31:57 Chain Barding Armor
31:55 Paladin
33:12 Plate Barding Armor
34:04 Conscription
35:45 Gold Shaft Mining
35:02 Stone Mining
35:35 Forging
37:00 Iron Casting
38:00 Burgundian Vineyards
40:00 Blast Furnace
40:09 Squires
40:10 Scale Mail Armor
骑兵不怕死
8:48 Feudal Age
9:22 Double-Bit Axe
20:27 Castle Age
18:25 Horse Collar
19:16 Bloodlines
19:22 Forging
19:55 Scale Barding Armor
21:46 Iron Casting
21:57 Bow Saw
22:51 Chain Barding Armor
22:46 Capped Ram
30:46 Wheelbarrow
29:57 Town Watch
36:38 Loom
36:53 Town Patrol
37:56 Hand Cart
38:18 Heavy Plow
39:11 Gold Mining
40:13 Scale Mail Armor
小公子
11:33 Feudal Age
16:01 Castle Age
14:03 Double-Bit Axe
14:01 Horse Collar
17:03 Bow Saw
24:13 Scale Mail Armor
24:23 Forging
27:35 Imperial Age
26:30 Squires
27:05 Chain Mail Armor
27:25 Iron Casting
27:05 Chain Mail Armor
27:04 Gold Mining
29:09 Plate Mail Armor
28:02 Capped Ram
29:16 Elite Varangian Guard
30:39 Arson
30:46 Siege Ram
37:06 Blast Furnace
36:51 Northmen's Fury
40:09 Siege Engineers
897127006
10:56 Feudal Age
15:20 Castle Age
13:20 Horse Collar
13:58 Double-Bit Axe
16:52 Bow Saw
19:34 Chemistry
23:27 Pikeman
24:10 Padded Archer Armor
25:35 Ballistics
25:18 Heavy Plow
26:29 Forging
27:21 Scale Mail Armor
28:59 Loom
30:34 Wheelbarrow
30:31 Fervor
30:42 Sanctity
30:36 Fletching
31:11 Fortified Wall
30:57 Murder Holes
33:36 Hand Cart
34:00 Town Watch
38:39 Imperial Age
37:19 Iron Casting
38:04 Chain Mail Armor
37:53 Squires
38:43 Halberdier
40:37 Blast Furnace
40:45 Plate Mail Armor
41:57 Two-Man Saw
小离爱吃糖
11:06 Feudal Age
15:55 Castle Age
14:17 Double-Bit Axe
14:44 Horse Collar
17:15 Bow Saw
18:48 Heavy Plow
23:29 Wheelbarrow
Connection lost

Rejoining the realm…

Still unreachable

The connection could not be restored.

Session expired

The server has moved on; the page needs a fresh start.